Map: [ESL] Gresvan

Players

Reynor - Winner!

  • Race: Zerg Zerg
  • Spawn Location: 11:00

YoungYakov

  • Race: Zerg Zerg
  • Spawn Location: 5:00

Event: ESL SC2 Masters 2023 Summer (Regionals)

VOD

Have the link to the VOD?

Description

Time

  • Played on: May 3, 2023, 11:19 a.m.
  • Length: 9:06

All games in this series

Show
View Real Time Build Order
Export as new Build Order

Reynor Zerg - Winner!

Build Orders: Pool First 

Get SALT Encoding   

  12  0:00  Drone  
  13  0:12  Overlord  
  13  0:16  Drone  
  14  0:30  Drone x2  
  14  0:35  Drone  
  17  0:41  Extractor  
  16  0:44  Drone  
  17  0:50  Spawning Pool  
  17  0:55  Drone  
  17  1:06  Drone  
  18  1:19  Hatchery  
  18  1:23  Drone  
  18  1:36  Zergling x2  
  18  1:37  Queen  
  21  1:43  Metabolic Boost  
  21  1:50  Overlord  
  21  1:55  Zergling x2  
  22  2:10  Zergling x2, Baneling Nest  
  22  2:11  Zergling x2  
  23  2:17  Queen  
  23  2:22  Zergling x2  
  26  2:31  Drone  
  26  2:32  Zergling x2  
  28  2:42  Zergling x4  
  30  2:45  Zergling x4  
  32  2:53  Baneling  
  32  2:57  Drone x3  
  35  3:04  Overlord  
  34  3:06  Drone  
  35  3:13  Baneling  
  35  3:14  Drone  
  35  3:16  Baneling  
  36  3:23  Drone  
  36  3:29  Drone x3  
  36  3:30  Overlord  
  38  3:43  Hatchery  
  38  3:44  Drone  
  38  3:45  Drone  
  39  3:49  Drone  
  39  3:52  Drone x2  
  42  3:58  Drone  
  42  4:02  Roach Warren  
  42  4:11  Drone x3  
  42  4:12  Overlord  
  42  4:14  Baneling x2  
  45  4:18  Drone x2  
  45  4:22  Overlord  
  47  4:30  Overlord  
  46  4:44  Roach  
  46  4:45  Roach x5  
  58  4:51  Roach  
  60  4:55  Queen  
  60  4:58  Zergling x6  
  65  5:06  Zergling x14  
  72  5:09  Zergling x4  
  74  5:17  Zergling x2  
  74  5:20  Overlord  
  75  5:22  Zergling x2  
  75  5:23  Baneling x2  
  75  5:24  Baneling  
  76  5:28  Baneling  
  76  5:31  Zergling x6  
  76  5:33  Overlord  
  78  5:37  Zergling x6  
  78  5:38  Overlord  
  81  5:48  Zergling x8  
  78  5:57  Zergling x4  
  78  6:00  Baneling  
  78  6:01  Zergling x4  
  78  6:02  Zergling x2  
  73  6:11  Zergling x4  
  67  6:14  Drone  
  64  6:18  Queen  
  64  6:19  Extractor  
  64  6:22  Drone x2  
  64  6:23  Drone  
  65  6:26  Lair  
  59  6:33  Roach  
  59  6:35  Drone x4  
  59  6:36  Drone x4  
  59  6:39  Drone  
  70  6:40  Drone  
  70  6:42  Drone  
  70  6:43  Drone  
  70  6:47  Drone  
  70  6:48  Drone  
  69  6:56  Extractor  
  69  6:57  Roach x3  
  69  6:59  Extractor  
  71  7:02  Roach  
  71  7:03  Drone  
  71  7:04  Drone x3  
  71  7:07  Extractor, Overlord  
  71  7:08  Roach  
  78  7:10  Zergling x6  
  78  7:14  Roach  
  83  7:16  Overlord  
  83  7:19  Zergling x2  
  84  7:23  Zergling x4  
  84  7:28  Glial Reconstitution  
  86  7:32  Roach x2, Zergling x4  
  86  7:33  Zergling x2  
  86  7:35  Roach x2  
  86  7:36  Zergling x6  
  100  7:38  Roach  
  100  7:40  Roach  
  100  7:41  Roach  
  106  7:49  Overlord  
  106  7:50  Roach x2  
  110  7:58  Roach x3  
  116  8:00  Roach  
  116  8:03  Roach x2  
  116  8:05  Overlord  
  122  8:08  Roach x2  
  122  8:09  Roach  
  122  8:11  Overlord  
  130  8:12  Roach  
  130  8:17  Overlord  
  130  8:19  Overlord  
  130  8:24  Roach x2  
  130  8:25  Ravager  
  130  8:26  Ravager  
  130  8:27  Roach  
  138  8:30  Roach x2  
  142  8:36  Roach x3  
  148  8:44  Roach x2  
  148  8:45  Roach x2  
Show
View Real Time Build Order
Export as new Build Order

YoungYakov Zerg 

Build Orders: Hatch First 

Get SALT Encoding   

  12  0:00  Drone  
  13  0:12  Overlord  
  13  0:16  Drone  
  14  0:30  Drone x2  
  16  0:47  Hatchery  
  15  0:50  Drone  
  15  0:54  Drone  
  17  0:57  Drone  
  18  1:07  Extractor  
  17  1:13  Spawning Pool  
  17  1:15  Drone  
  17  1:19  Drone  
  18  1:27  Drone  
  19  1:38  Drone  
  20  1:51  Drone  
  21  1:59  Queen  
  21  2:00  Queen, Overlord  
  25  2:02  Drone  
  26  2:09  Metabolic Boost  
  26  2:11  Zergling x4  
  28  2:21  Drone x2  
  30  2:34  Hatchery  
  29  2:40  Drone x2  
  31  2:45  Spine Crawler  
  31  2:47  Overlord  
  31  2:50  Zergling x2  
  31  2:56  Zergling x2  
  31  2:57  Zergling x2  
  33  3:01  Baneling Nest  
  32  3:06  Zergling x4  
  32  3:11  Zergling x4  
  34  3:20  Zergling x6  
  34  3:26  Overlord  
  37  3:30  Queen x2  
  41  3:38  Zergling x6  
  40  3:44  Baneling x2  
  40  3:45  Drone x2  
  42  3:55  Drone x4  
  45  4:10  Drone x3  
  47  4:17  Hatchery  
  47  4:21  Zergling x4  
  46  4:27  Zergling x6  
  46  4:30  Zergling x2  
  46  4:35  Zergling x6  
  49  4:41  Roach Warren  
  49  4:44  Overlord  
  48  4:49  Baneling  
  48  4:50  Drone x2  
  48  4:51  Drone, Lair  
  50  4:54  Extractor  
  49  5:04  Drone x2  
  51  5:08  Hatchery  
  51  5:10  Zergling x2  
  51  5:18  Zergling x4  
  51  5:20  Drone x3  
  56  5:22  Overlord  
  56  5:24  Overlord  
  55  5:31  Roach x2  
  55  5:34  Extractor  
  57  5:37  Overlord  
  57  5:42  Roach x5  
  67  5:44  Baneling x4  
  67  5:53  Roach x2  
  64  6:01  Roach x2  
  64  6:02  Zergling x6  
  66  6:05  Zergling x4  
  61  6:15  Roach  
  61  6:16  Roach  
  61  6:20  Queen  
  61  6:23  Zergling x2  
  59  6:30  Roach  
  52  6:37  Roach x3  
  52  6:38  Roach  
  53  6:47  Roach  
  49  6:56  Drone  
  49  6:57  Drone  
  49  7:00  Hatchery, Glial Reconstitution  
  49  7:04  Drone  
  49  7:05  Drone  
  51  7:10  Drone  
  51  7:12  Queen  
  51  7:15  Drone  
  55  7:18  Drone  
  55  7:21  Drone x2  
  58  7:29  Evolution Chamber  
  58  7:30  Drone x3  
  58  7:33  Zergling x2  
  61  7:39  Drone x3  
  64  7:46  Roach  
  66  7:51  Roach  
  66  7:57  Roach  
  70  8:00  Overlord  
  70  8:02  Overlord  
  71  8:05  Zergling x2  
  71  8:08  Drone  
  71  8:09  Queen  
  71  8:12  Drone x3  
  76  8:15  Overseer  
  76  8:20  Roach x3  
  82  8:30  Drone x3  
  82  8:32  Drone x2  
  87  8:39  Roach x4  
Tags
 
Add a new tag
Caveats
  • Supply blocks, unpowered buildings, or Contaminate may cause inaccurate times.
  • Supply counts are checked every 10 seconds.